PCL
ALBUQUERQUE ISOTOPES @ SAN JOSE MISSIONS
07/19/2028
 
TOP OF THE 1ST
Albuquerque Isotopes batting - Pitching for San Jose Missions : RHP Francisco Arellano
Pitching: RHP Francisco Arellano
Batting: LHB Fernando Ortíz 0-0: Called Strike
0-1: Ball
1-1: Foul Ball, location: 2F
1-2: Foul Ball, location: 2F
1-2: Foul Ball, location: 2F
1-2: Strikes out swinging
Batting: RHB Sam Wallace 0-0: Ball
1-0: Ball
2-0: Foul Ball, location: 2F
2-1: Foul Ball, location: 2F
2-2: Ball
3-2: SINGLE (Line Drive, 9LS)
Batting: LHB Bernardo Montés 0-0: Called Strike
Sam Wallace is caught stealing 2nd base
0-1: Called Strike
0-2: Ground out 4-3 (Groundball, 4M)
Top of the 1st over - 0 run(s), 1 hit(s), 0 error(s), 0 left on base; Albuquerque 0 - San Jose 0
BOTTOM OF THE 1ST
San Jose Missions batting - Pitching for Albuquerque Isotopes : LHP Rick Wilson
Pitching: LHP Rick Wilson
Batting: RHB Chang-geun Kim 0-0: Ground out 1-3 (Groundball, P)
Batting: RHB Jorge Díaz 0-0: DOUBLE (Line Drive, 89XD)
Batting: LHB Chris Austin 0-0: Called Strike
0-1: Ball
1-1: Foul Ball, location: 2F
1-2: Strikes out looking
Batting: RHB Dale Taylor 0-0: Ball
1-0: Called Strike
1-1: Foul Ball, location: 2F
1-2: Foul Ball, location: 2F
1-2: Ball
2-2: Foul Ball, location: 2F
2-2: Fly out, F6 (Popup, 6D)
Bottom of the 1st over - 0 run(s), 1 hit(s), 0 error(s), 1 left on base; Albuquerque 0 - San Jose 0
TOP OF THE 2ND
Albuquerque Isotopes batting - Pitching for San Jose Missions : RHP Francisco Arellano
Batting: RHB Will Lott 0-0: Fly out, F9 (Flyball, 9LM)
Batting: LHB José González 0-0: SOLO HOME RUN (Flyball, 9LD), Distance : 346 ft
Batting: RHB Raúl Bauza 0-0: Ball
1-0: Called Strike
1-1: Fly out, F8 (Flyball, 8RD)
Batting: LHB Héctor Soto 0-0: Ball
1-0: Swinging Strike
1-1: Ball
2-1: Foul Ball, location: 2F
2-2: Strikes out swinging
Top of the 2nd over - 1 run(s), 1 hit(s), 0 error(s), 0 left on base; Albuquerque 1 - San Jose 0
BOTTOM OF THE 2ND
San Jose Missions batting - Pitching for Albuquerque Isotopes : LHP Rick Wilson
Batting: RHB Naomichi Aoki 0-0: Ball
1-0: Ball
2-0: Foul Ball, location: 2F
2-1: Swinging Strike
2-2: Foul Ball, location: 2F
2-2: Foul Ball, location: 2F
2-2: Ball
3-2: Ground out 6-3 (Groundball, 56)
Batting: LHB Alan McGilroy 0-0: Ground out 4-3 (Groundball, 4)
Batting: RHB Ed Starr 0-0: Ball
1-0: Swinging Strike
1-1: Called Strike
1-2: SINGLE (Flyball, 6MD)
Batting: RHB José Sánchez 0-0: Fielders Choice at 2nd, 6-4 (Groundball, 6)
Bottom of the 2nd over - 0 run(s), 1 hit(s), 0 error(s), 0 left on base; Albuquerque 1 - San Jose 0
TOP OF THE 3RD
Albuquerque Isotopes batting - Pitching for San Jose Missions : RHP Francisco Arellano
Batting: RHB Jesse McKnight 0-0: Foul Ball, location: 2F
0-1: Ball
1-1: Called Strike
1-2: Foul Ball, location: 2F
1-2: Ball
2-2: Ball
3-2: Foul Ball, location: 2F
3-2: Strikes out swinging
Batting: RHB Brett Bell 0-0: Ball
1-0: Foul Ball, location: 2F
1-1: Called Strike
1-2: Strikes out looking
Batting: LHB Fernando Ortíz 0-0: Called Strike
0-1: Ball
1-1: Foul Ball, location: 2F
1-2: Foul Ball, location: 2F
1-2: Ball
2-2: Foul Ball, location: 2F
2-2: Ground out 3-1 (Groundball, 3S)
Top of the 3rd over - 0 run(s), 0 hit(s), 0 error(s), 0 left on base; Albuquerque 1 - San Jose 0
BOTTOM OF THE 3RD
San Jose Missions batting - Pitching for Albuquerque Isotopes : LHP Rick Wilson
Batting: RHB Miguel Mendoza 0-0: Ball
1-0: Called Strike
1-1: Ball
2-1: Ball
3-1: Called Strike
3-2: Foul Ball, location: 2F
3-2: Strikes out looking
Batting: RHB Chang-geun Kim 0-0: Ball
1-0: Ball
2-0: Called Strike
2-1: SINGLE (Groundball, 6MD)
Batting: RHB Jorge Díaz 0-0: Ball
1-0: Foul Ball, location: 2F
1-1: Called Strike
1-2: Fielders Choice at 2nd, 6-4 (Groundball, 6)
Batting: LHB Chris Austin 0-0: Ball
1-0: Ball
2-0: Foul Ball, location: 2F
2-1: Foul Ball, location: 2F
2-2: Fly out, F7 (Flyball, 78D)
Bottom of the 3rd over - 0 run(s), 1 hit(s), 0 error(s), 1 left on base; Albuquerque 1 - San Jose 0
TOP OF THE 4TH
Albuquerque Isotopes batting - Pitching for San Jose Missions : RHP Francisco Arellano
Batting: RHB Sam Wallace 0-0: Called Strike
0-1: Ground out 6-3 (Groundball, 6)
Batting: LHB Bernardo Montés 0-0: Called Strike
0-1: Ball
1-1: Fly out, F9 (Flyball, 9LM)
Batting: RHB Will Lott 0-0: Foul Ball, location: 2F
0-1: Ball
1-1: Swinging Strike
1-2: Ball
2-2: Ball
3-2: SINGLE (Groundball, 6D)
Batting: LHB José González Pickoff Throw to First - Out!
Top of the 4th over - 0 run(s), 1 hit(s), 0 error(s), 0 left on base; Albuquerque 1 - San Jose 0
BOTTOM OF THE 4TH
San Jose Missions batting - Pitching for Albuquerque Isotopes : LHP Rick Wilson
Batting: RHB Dale Taylor 0-0: Ball
1-0: Ground out 6-3 (Groundball, 56D)
Batting: RHB Naomichi Aoki 0-0: Ball
1-0: Called Strike
1-1: Ball
2-1: SINGLE (Line Drive, 56D)
Batting: LHB Alan McGilroy 0-0: Ball
1-0: Grounds into double play, 4-6-3 (Groundball, 4)
Bottom of the 4th over - 0 run(s), 1 hit(s), 0 error(s), 0 left on base; Albuquerque 1 - San Jose 0
TOP OF THE 5TH
Albuquerque Isotopes batting - Pitching for San Jose Missions : RHP Francisco Arellano
Batting: LHB José González 0-0: Foul Ball, location: 2F
0-1: Foul Ball, location: 2F
0-2: Ball
1-2: SOLO HOME RUN (Flyball, 9D), Distance : 392 ft
Batting: RHB Raúl Bauza 0-0: Ball
1-0: Called Strike
1-1: Ball
2-1: Foul Ball, location: 2F
2-2: Ground out 5-3 (Groundball, 5)
Batting: LHB Héctor Soto 0-0: Foul Ball, location: 2F
0-1: Fly out, F5 (Line Drive, 5)
Batting: RHB Jesse McKnight 0-0: Called Strike
0-1: Foul Ball, location: 2F
0-2: Foul Ball, location: 2F
0-2: Fly out, F4 (Line Drive, 4)
Top of the 5th over - 1 run(s), 1 hit(s), 0 error(s), 0 left on base; Albuquerque 2 - San Jose 0
BOTTOM OF THE 5TH
San Jose Missions batting - Pitching for Albuquerque Isotopes : LHP Rick Wilson
Batting: RHB Ed Starr 0-0: Ball
1-0: Ball
2-0: Ball
3-0: Called Strike
3-1: Called Strike
3-2: Foul Ball, location: 2F
3-2: Base on Balls
Batting: RHB José Sánchez 0-0: Ball
1-0: Called Strike
1-1: Ball
2-1: Ball
3-1: Base on Balls
Ed Starr to second
Batting: RHB Miguel Mendoza 0-0: Called Strike
0-1: Swinging Strike
0-2: Strikes out looking
Batting: RHB Chang-geun Kim 0-0: Ball
1-0: SINGLE (Groundball, 6MD)
Ed Starr to third
José Sánchez to second
Runner from 3rd tries for Home, SAFE, throw made home
José Sánchez to third
Chang-geun Kim to second
Batting: RHB Jorge Díaz 0-0: Called Strike
0-1: Ball
1-1: Foul Ball, location: 2F
1-2: Strikes out looking
Batting: LHB Chris Austin 0-0: Ball
1-0: Foul Ball, location: 2F
1-1: Fly out, F8 (Flyball, 8RS)
Bottom of the 5th over - 1 run(s), 1 hit(s), 0 error(s), 2 left on base; Albuquerque 2 - San Jose 1
TOP OF THE 6TH
Albuquerque Isotopes batting - Pitching for San Jose Missions : RHP Francisco Arellano
Batting: RHB Brett Bell 0-0: Called Strike
0-1: Swinging Strike
0-2: Foul Ball, location: 2F
0-2: Ground out 1-3 (Groundball, 15S)
Batting: LHB Fernando Ortíz 0-0: Called Strike
0-1: Foul Ball, location: 2F
0-2: Foul Ball, location: 2F
0-2: Ball
1-2: Ball
2-2: Ball
3-2: Foul Ball, location: 2F
3-2: DOUBLE (Line Drive, 89XD)
Batting: RHB Sam Wallace 0-0: Foul Ball, location: 2F
0-1: Foul Ball, location: 2F
0-2: Foul Ball, location: 2F
0-2: Foul Ball, location: 2F
0-2: SINGLE (Groundball, 6MD)
Fernando Ortíz to third
Runner from 3rd tries for Home, SAFE, no throw
Batting: LHB Bernardo Montés 0-0: Ball
Sam Wallace is caught stealing 2nd base
1-0: Fly out, F7 (Flyball, 78M)
Top of the 6th over - 1 run(s), 2 hit(s), 0 error(s), 0 left on base; Albuquerque 3 - San Jose 1
BOTTOM OF THE 6TH
San Jose Missions batting - Pitching for Albuquerque Isotopes : LHP Rick Wilson
Batting: RHB Dale Taylor 0-0: Ball
1-0: Foul Ball, location: 2F
1-1: Ball
2-1: Called Strike
2-2: Ball
3-2: Foul Ball, location: 2F
3-2: Foul Ball, location: 2F
3-2: Strikes out swinging
Batting: RHB Naomichi Aoki 0-0: Ball
1-0: Foul Ball, location: 2F
1-1: Foul Ball, location: 2F
1-2: Ball
2-2: DOUBLE (Line Drive, 7D)
Batting: LHB Alan McGilroy 0-0: Ball
1-0: Foul Ball, location: 2F
1-1: Ball
2-1: Ball
3-1: Ground out 1-3 (Groundball, 15S)
Batting: RHB Ed Starr 0-0: Ball
1-0: Ball
2-0: Ball
3-0: Base on Balls
Pitching: RHP Mike Frank
Batting: RHB José Sánchez 0-0: Ball
1-0: Foul Ball, location: 2F
1-1: Ground out 3-1 (Groundball, 34)
Bottom of the 6th over - 0 run(s), 1 hit(s), 0 error(s), 2 left on base; Albuquerque 3 - San Jose 1
TOP OF THE 7TH
Albuquerque Isotopes batting - Pitching for San Jose Missions : RHP Francisco Arellano
Batting: RHB Will Lott 0-0: Called Strike
0-1: Fly out, F8 (Line Drive, 8LS)
Batting: LHB José González 0-0: Ball
1-0: Ball
2-0: Ball
3-0: Called Strike
3-1: Base on Balls
Pitching: RHP Larry West
Batting: RHB Raúl Bauza 0-0: Called Strike
0-1: Ball
1-1: Ball
2-1: Foul Ball, location: 2F
2-2: Ball
3-2: Base on Balls
José González to second
Batting: LHB Héctor Soto 0-0: Called Strike
0-1: Called Strike
0-2: Ball
1-2: Ball
2-2: Foul Ball, location: 2F
2-2: Ball
3-2: Grounds into double play, 6-4-3 (Groundball, 6)
Top of the 7th over - 0 run(s), 0 hit(s), 0 error(s), 1 left on base; Albuquerque 3 - San Jose 1
BOTTOM OF THE 7TH
San Jose Missions batting - Pitching for Albuquerque Isotopes : RHP Mike Frank
Batting: RHB Miguel Mendoza 0-0: Foul Ball, location: 2F
0-1: Ball
1-1: Ball
2-1: Ball
3-1: Swinging Strike
3-2: Strikes out swinging
Batting: RHB Chang-geun Kim 0-0: Ball
1-0: Ground out 4-3 (Groundball, 4M)
Batting: RHB Jorge Díaz 0-0: Ball
1-0: Ground out 5-3 (Groundball, 5)
Bottom of the 7th over - 0 run(s), 0 hit(s), 0 error(s), 0 left on base; Albuquerque 3 - San Jose 1
TOP OF THE 8TH
Albuquerque Isotopes batting - Pitching for San Jose Missions : RHP Larry West
Batting: RHB Jesse McKnight 0-0: Called Strike
0-1: Ball
1-1: SINGLE (Groundball, 4MD)
Batting: RHB Brett Bell 0-0: Sac Bunt - play at first, batter OUT! 2-3
Jesse McKnight to second
Batting: LHB Fernando Ortíz 0-0: Intentional Walk
Pinch Hitting: LHB Juan Carlos Sánchez 0-0: Fly out, F3 (Line Drive, 3)
Lined into DP, U3 (Line Drive, 3)
Top of the 8th over - 0 run(s), 1 hit(s), 0 error(s), 1 left on base; Albuquerque 3 - San Jose 1
BOTTOM OF THE 8TH
San Jose Missions batting - Pitching for Albuquerque Isotopes : RHP Mike Frank
Now at 3B: Dave Mullen
Batting: LHB Chris Austin 0-0: Ball
1-0: Called Strike
1-1: Ball
2-1: Called Strike
2-2: Ball
3-2: Base on Balls
Pitching: RHP Shiki Kanno
Batting: RHB Dale Taylor 0-0: Ball
1-0: Ball
2-0: Called Strike
2-1: Called Strike
2-2: Ball
3-2: Strikes out swinging
Batting: RHB Naomichi Aoki 0-0: Ball
1-0: Called Strike
1-1: Swinging Strike
1-2: Ball
2-2: Ball
3-2: SINGLE (Groundball, 56D)
Chris Austin to second
Pitching: RHP Germán Hernández
Batting: LHB Alan McGilroy 0-0: Called Strike
0-1: Foul Ball, location: 2F
0-2: Strikes out swinging
Batting: RHB Ed Starr 0-0: Swinging Strike
Balk!
Chris Austin to third
Naomichi Aoki to second
0-1: Called Strike
0-2: Foul Ball, location: 2F
0-2: Foul Ball, location: 2F
0-2: Foul Ball, location: 2F
0-2: Ball
1-2: Ball
2-2: Ball
3-2: Foul Ball, location: 2F
3-2: Reached on error, E5 (Groundball, 56)
Chris Austin scores
Naomichi Aoki scores
Pinch Hitting: LHB Félix García 0-0: Called Strike
0-1: Hit by Pitch
Batting: RHB Miguel Mendoza 0-0: Called Strike
0-1: Ball
1-1: Ball
2-1: Ball
3-1: Foul Ball, location: 2F
3-2: Foul Ball, location: 2F
3-2: Base on Balls
Ed Starr to third
Félix García to second
Batting: RHB Chang-geun Kim 0-0: Ball
1-0: Swinging Strike
1-1: Ground out 6-3 (Groundball, 6M)
Bottom of the 8th over - 2 run(s), 1 hit(s), 1 error(s), 3 left on base; Albuquerque 3 - San Jose 3
TOP OF THE 9TH
Albuquerque Isotopes batting - Pitching for San Jose Missions : RHP Larry West
Pitching: RHP José Reyes
Now at 3B: Bobby Brewster
Batting: LHB Bernardo Montés 0-0: Ball
1-0: Ball
2-0: Ground out 4-3 (Groundball, 4S)
Batting: RHB Will Lott 0-0: Called Strike
0-1: SINGLE (Groundball, 56D)
Batting: LHB José González 0-0: Ball
1-0: Ball
2-0: Called Strike
2-1: Ball
3-1: Foul Ball, location: 2F
3-2: Foul Ball, location: 2F
3-2: Foul Ball, location: 2F
3-2: Strikes out swinging
Pinch Hitting: LHB Ken Nelson 0-0: SINGLE (Groundball, 4D)
Will Lott to second
Runner from 2nd tries for 3rd, SAFE, throw made to third
Ken Nelson to second
Batting: LHB Héctor Soto 0-0: Ground out U3 (Groundball, 34)
Top of the 9th over - 0 run(s), 2 hit(s), 0 error(s), 2 left on base; Albuquerque 3 - San Jose 3
BOTTOM OF THE 9TH
San Jose Missions batting - Pitching for Albuquerque Isotopes : RHP Germán Hernández
Now at SS: Luis Martínez
Batting: RHB Jorge Díaz 0-0: Foul Ball, location: 2F
0-1: Foul Ball, location: 2F
0-2: Strikes out swinging
Batting: LHB Chris Austin 0-0: Ball
1-0: Ball
2-0: Fly out, F7 (Flyball, 78S)
Batting: RHB Dale Taylor 0-0: Ball
1-0: Ground out 5-3 (Groundball, 56S)
Bottom of the 9th over - 0 run(s), 0 hit(s), 0 error(s), 0 left on base; Albuquerque 3 - San Jose 3
TOP OF THE 10TH
Albuquerque Isotopes batting - Pitching for San Jose Missions : RHP José Reyes
Batting: RHB Jesse McKnight 0-0: Ball
1-0: Ball
2-0: Ball
3-0: Base on Balls
Batting: RHB Brett Bell 0-0: Ball
1-0: Ball
2-0: Sac Bunt - play at first, batter OUT! 1-4
Jesse McKnight to second
Batting: LHB Fernando Ortíz 0-0: Intentional Walk
Pinch Hitting: RHB Juan Vareas 0-0: Called Strike
Jesse McKnight is caught stealing 3rd base
Fernando Ortíz to second
0-1: Ball
1-1: SINGLE (Groundball, 4D)
Fernando Ortíz to third
Runner from 3rd tries for Home, SAFE, no throw
Batting: LHB Bernardo Montés 0-0: Ball
1-0: Swinging Strike
1-1: Ball
2-1: Swinging Strike
2-2: Ball
3-2: Foul Ball, location: 2F
3-2: SINGLE (Line Drive, 9S)
Juan Vareas to second
Juan Vareas to third
Batting: RHB Will Lott 0-0: Ball
1-0: Foul Ball, location: 2F
1-1: Called Strike
1-2: Ball
2-2: Foul Ball, location: 2F
2-2: Ball
3-2: Base on Balls
Bernardo Montés to second
Batting: LHB José González 0-0: Called Strike
0-1: Ball
1-1: Ball
2-1: Swinging Strike
2-2: Ball
3-2: Strikes out looking
Top of the 10th over - 1 run(s), 2 hit(s), 0 error(s), 3 left on base; Albuquerque 4 - San Jose 3
BOTTOM OF THE 10TH
San Jose Missions batting - Pitching for Albuquerque Isotopes : RHP Germán Hernández
Pitching: LHP Austin Wall
Now at 3B: Pedro Cruz
Now in LF: A.J. Major
Now in CF: Lorenzo Ayala
Batting: RHB Naomichi Aoki 0-0: Ball
1-0: Ball
2-0: Fly out, F4 (Line Drive, 6MS)
Pinch Hitting: RHB Peyton Pennington 0-0: Swinging Strike
0-1: Ball
1-1: Called Strike
1-2: Ball
2-2: Foul Ball, location: 2F
2-2: Ball
3-2: Base on Balls
Batting: RHB Ed Starr 0-0: Ground out 6-3 (Groundball, 6S)
Peyton Pennington to second
Batting: RHB Bobby Brewster 0-0: Called Strike
0-1: Swinging Strike
0-2: Ball
1-2: Strikes out swinging
Bottom of the 10th over - 0 run(s), 0 hit(s), 0 error(s), 1 left on base; Albuquerque 4 - San Jose 3
Tuesday, August 8th, 2017 - OOTP Baseball 17.12 Build 75